 Dungeon Crawl Stone Soup version 0.31-a0-233-g139696dc86 (webtiles) character file.

Game seed: 3910759244257759885

131 qw the Shooter (level 5, -6/30 HPs)
             Began as a Gargoyle Hexslinger on July 7, 2023.
             Mangled by Edmund
             ... wielding a +4 flail of protection
              (13 damage)
             ... on level 4 of the Dungeon.
             The game lasted 00:01:05 (2298 turns).

qw the Shooter (Gargoyle Hexslinger)                Turns: 2298, Time: 00:01:06

Health: -6/30      AC: 10    Str: 11    XL:     5   Next: 14%
Magic:  6/6        EV: 10    Int: 14    God:
Gold:   122        SH:  0    Dex: 14    Spells: 5/6 levels left

rFire   . . .        Y - +1 sling
rCold   . . .        (no shield)
rNeg    + . .        d - +0 ring mail
rPois   inf          (no helmet)
rElec   +            i - +0 cloak
rCorr   .            (no gloves)
SInv    .            (no boots)
Will    .....        (no amulet)
Stlth   +            (no ring)
HPRegen 0.25/turn    (no ring)
MPRegen 0.10/turn

%: no passive effects
@: about to teleport
A: sickness immunity, AC +4, negative energy resistance 1, electricity
resistance, torment resistance 1, petrification resistance
a: no special abilities


You were on level 4 of the Dungeon.
You visited 1 branch of the dungeon, and saw 4 of its levels.

You collected 122 gold pieces.


Innate Abilities, Weirdness & Mutations

You are immune to sickness and miasma.
Your stone body is resilient. (AC +4)
You are immune to poison.
You resist negative energy. (rN+)
You are resistant to electric shocks. (rElec)
You are resistant to unholy torment.
You are immune to petrification.


   Skills:
 - Level 2.0 Fighting
 - Level 4.8 Ranged Weapons
 + Level 0.7 Armour
 - Level 1.5 Dodging
 - Level 1.0 Spellcasting
 - Level 2.6 Hexes


You had 5 spell levels left.
You knew the following spells:

 Your Spells              Type           Power      Damage    Failure   Level
a - Slow                  Hex            32%        N/A       22%         1

Your spell library contained the following spells:

 Spells                   Type           Power      Damage    Failure   Level
 Inner Flame              Hex/Fire       4%         N/A       73%         3
 Portal Projectile        Hex/Tloc       8%         N/A       73%         3
 Cause Fear               Hex            4%         N/A       91%         4

Inventory:

Hand Weapons
 Y - a +1 sling (weapon)
Armour
 d - a +0 ring mail (worn)
 i - a +0 cloak (worn)
Scrolls
 m - a scroll of identify
Potions
 a - a potion of curing
 b - a potion of heal wounds
 c - 2 potions of enlightenment {unknown}
 f - a potion of degeneration {unknown}
 h - a potion of haste
 k - a potion of magic {unknown}

Dungeon Overview and Level Annotations

Branches:
Dungeon (4/15)
 Temple: D:4-7

Altars:
Wu Jian

Annotations:
D:4 Edmund, Robin


Message History

You shoot a sling bullet. The sling bullet barely misses Edmund.
The sling bullet hits the hobgoblin.
The hobgoblin is moderately wounded.
Edmund hits you with a +4 flail of protection!
Edmund hits you but does no damage. Robin throws the goblin at you!
The hobgoblin closely misses you.
The goblin unwields a +0 sling.
The goblin wields a +0 dagger.
The goblin hits you but does no damage.
You shoot a sling bullet.
The sling bullet barely misses the hobgoblin.
Edmund hits you with a +4 flail of protection!
Robin throws the goblin at you! The hobgoblin completely misses you.
Edmund closely misses you. The goblin closely misses you.
2295 ||| READING scroll of teleportation.
As you read the scroll of teleportation, it crumbles to dust.
You feel strangely unstable. Edmund hits you but does no damage.
The hobgoblin barely misses you. The goblin misses you.
Robin hits you but does no damage. The goblin closely misses you.
2296 ||| DRINKING 2 potions of heal wounds.
You feel much better.
Edmund hits you with a +4 flail of protection!
The hobgoblin barely misses you. The goblin hits you but does no damage.
Robin closely misses you. Edmund misses you.
The goblin hits you but does no damage.
You shoot a sling bullet. The sling bullet hits the hobgoblin.
The hobgoblin is heavily wounded.
Edmund hits you but does no damage. The hobgoblin closely misses you.
The goblin hits you with a +0 dagger. Robin barely misses you.
The goblin closely misses you.
Edmund hits you with a +4 flail of protection.
You shoot a sling bullet.
The sling bullet hits the hobgoblin but does no damage.
The hobgoblin is heavily wounded.
The hobgoblin hits you but does no damage.
The goblin hits you but does no damage.
Robin hits you from afar with a +0 spear.
Edmund hits you with a +4 flail of protection.
The goblin hits you with a +0 dagger. The goblin barely misses you.
Edmund hits you with a +4 flail of protection!
You die...

.. .# #######.#
#.....#.#####.
#.....#......#
#.....#)......
#.....g))g...#
####...g@##......
........@# )....
.......gg# g...
.........# !..
.........# ..
........## .
........#
........##
#.......<#
#.(.....(#


You could see Edmund (fast), Robin, a hobgoblin (strong) and 2 goblins.

Vanquished Creatures
  An orc wizard (D:3)
  3 adders
  2 worms (D:2)
  2 dart slugs
  4 orcs (D:3)
  4 bats
  4 endoplasms
  5 giant cockroaches
  11 goblins
  5 hobgoblins
  2 quokkas
  4 ball pythons
  5 frilled lizards
  7 kobolds
  6 rats
65 creatures vanquished.

Notes
Turn   | Place    | Note
-------+----------+-------------------------------------------
     0 | D:1      | qw the Gargoyle Hexslinger began the quest for the Orb.
     0 | D:1      | Reached XP level 1. HP: 12/12 MP: 2/2
     0 | D:1      | 0 ||| qw: Version: 0.3-a-46-gb1f654a
     0 | D:1      | 0 ||| qw: Game counter: 3082
     0 | D:1      | 0 ||| qw: Melee chars always use a shield: true
     0 | D:1      | 0 ||| qw: God list: Okawaru
     0 | D:1      | 0 ||| qw: Allow faded altars: false
     0 | D:1      | 0 ||| qw: Do Orc after clearing Dungeon:15 true
     0 | D:1      | 0 ||| qw: Do second Lair branch before Depths: true
     0 | D:1      | 0 ||| qw: Lair rune preference: random
     0 | D:1      | 0 ||| qw: Goals: Normal
     0 | D:1      | 0 ||| PLANNING D:1-11
   354 | D:1      | Reached XP level 2. HP: 16/16 MP: 3/3
   435 | D:1      | Reached skill level 3 in Ranged Weapons
   475 | D:1      | 475 ||| UPGRADING to +0 cloak.
   480 | D:1      | 480 ||| DROPPING ring of magical power.
   481 | D:1      | 481 ||| READING 2 scrolls labelled ZIYSUY XEETAGG.
   482 | D:1      | 482 ||| DRINKING 3 fizzy black potions.
   487 | D:1      | 487 ||| DROPPING scroll of noise.
   488 | D:1      | 488 ||| DROPPING scroll of poison.
   489 | D:1      | 489 ||| DROPPING 2 potions of ambrosia.
   510 | D:2      | 510 ||| STAIRDANCE
   514 | D:1      | Reached XP level 3. HP: 20/21 MP: 4/4
   773 | D:2      | Found a faded altar of an unknown god.
  1006 | D:2      | Reached XP level 4. HP: 26/26 MP: 5/5
  1363 | D:2      | 1363 ||| READING scroll labelled LIAREXOTEO.
  1368 | D:2      | 1368 ||| READING scroll labelled ATHRUA XEDEU.
  1369 | D:2      | 1369 ||| READING scroll labelled IDABATSESE.
  1370 | D:2      | 1370 ||| DRINKING 3 brown potions.
  1454 | D:3      | 1454 ||| STAIRDANCE
  1492 | D:3      | Reached skill level 4 in Ranged Weapons
  1666 | D:3      | HP: 5/26 [something (4)]
  1778 | D:3      | Reached XP level 5. HP: 30/30 MP: 6/6
  1974 | D:3      | Found an ornate altar of the Wu Jian Council.
  2218 | D:3      | 2218 ||| UPGRADING to +0 ring mail.
  2228 | D:3      | 2228 ||| DROPPING +0 robe.
  2229 | D:3      | 2229 ||| READING scroll labelled AJUHUR SUINWO.
  2230 | D:3      | 2230 ||| READING scroll labelled ZEUNGO QIVAECI.
  2231 | D:3      | 2231 ||| DRINKING 2 golden potions.
  2232 | D:3      | 2232 ||| DRINKING 2 grey potions.
  2233 | D:3      | 2233 ||| READING 2 scrolls of identify.
  2233 | D:3      | 2233 ||| IDENTIFYING viscous pink potion
  2234 | D:3      | 2234 ||| DROPPING potion of brilliance.
  2279 | D:4      | Noticed Edmund
  2286 | D:4      | Noticed Robin
  2288 | D:4      | 2288 ||| Stepping ~*~*~tactically~*~*~ (outnumbered).
  2290 | D:4      | 2290 ||| Stepping ~*~*~tactically~*~*~ (outnumbered).
  2294 | D:4      | HP: 4/30 [Edmund/+4 flail of protection (7)]
  2295 | D:4      | 2295 ||| READING scroll of teleportation.
  2296 | D:4      | 2296 ||| DRINKING 2 potions of heal wounds.
  2298 | D:4      | Mangled by Edmund

Levels and vault maps discovered:
D:1:      onia_arrival_mini_spirals, layout_basic
D:2:      layout_basic, shapermc_ecumenical_altar_hornbeckon, kennysheep_donut
D:3:      layout_loops_ring, mainiacjoe_overflow_alcove_1, hex_medium,
          serial_park_tiny_1
D:4:      layout_basic, minivault_23, kennysheep_opposing_triangles, uniq_pikel,
          uniq_grinder, uniq_menkaure, uniq_robin, uniq_edmund, uniq_duvessa

Skill      XL: |  1  2  3  4 |
---------------+-------------+-----
Ranged Weapons | 3 4 |  4.8
Fighting       | 2 |  2.0
Armour         | |  0.7
Dodging        | |  1.5
Spellcasting   | |  1.0
Hexes          | |  2.6

Action                     |  1- 3 |  4- 6 || total
---------------------------+-------+-------++-------
   Fire: Sling             |   138 |   128 ||   266
    Use: Scroll            |     1 |     7 ||     8
         Potion            |     1 |     4 ||     5
 Armour: Robe              |    29 |    24 ||    53
         Ring mail         |       |    13 ||    13
  Dodge: Dodged            |    59 |    49 ||   108

Table legend:
 A = Non-vault XP
 B = Vault XP
 C = Vault XP percentage of total XP
 D = Non-vault monster count
 E = Vault monster count
 F = Vault count percentage of total count
                 A         B        C        D         E       F
            +---------+---------+-------+---------+---------+-------
      Total |     174 |      14 |   7.4 |      57 |       8 |  12.3
            +---------+---------+-------+---------+---------+-------
        D:1 |      36 |       0 |   0.0 |      16 |       0 |   0.0
        D:2 |      53 |       0 |   0.0 |      21 |       0 |   0.0
        D:3 |      85 |       0 |   0.0 |      20 |       0 |   0.0
        D:4 |       0 |      14 | 100.0 |       0 |       8 | 100.0
            +---------+---------+-------+---------+---------+-------
